 Dungeon Crawl Stone Soup version 0.28-a0-793-g31680bbd8b (webtiles) character file.

Game seed: 14685204815000936459

19614 gimp the Carver (level 12, -3/89 HPs)
             Began as a Demonspawn Cinder Acolyte on Nov 3, 2021.
             Was a High Priest of Ignis.
             Slain by a wolf (6 damage)
             ... on level 1 of the Lair of Beasts.
             The game lasted 00:26:20 (11118 turns).

gimp the Carver (Demonspawn Cinder Acolyte)        Turns: 11118, Time: 00:26:20

Health: -3/89      AC: 19    Str: 14    XL:     12   Next: 38%
Magic:  3/22       EV: 11    Int: 23    God:    Ignis [*****.]
Gold:   240        SH:  4    Dex: 11    Spells: 2/24 levels left

rFire   + . .      SeeInvis .   b - +8 falchion "Paeriuri" {freeze, rPois rN++ Str-2 Dex+2}
rCold   + . .      Faith    .   j - +0 buckler
rNeg    + + .      Spirit   .   m - +1 troll leather armour {Pargi}
rPois   +          Reflect  .   u - +0 helmet
rElec   +          Harm     .   E - +1 cloak {Will+}
rCorr   .          Rampage  .   (no gloves)
Will    +....                   O - +2 pair of boots of Doelah {rElec rC+ Str-4 Int+2}
Stlth   +.........              (no amulet)
HPRegen 1.24/turn               c - +4 ring of protection
MPRegen 0.18/turn               r - +6 ring of strength

@: lethally poisoned (-3 -> -4)
A: spiny 1, sharp scales 3, demonic magic 2, weakness stinger 1
a: Renounce Religion, Sea of Fire, Foxfire Swarm, Rising Flame


You were on level 1 of the Lair of Beasts.
You worshipped Ignis.
Ignis was extremely pleased with you.
You visited 2 branches of the dungeon, and saw 12 of its levels.
You also visited: Sewer and Bailey.

You collected 570 gold pieces.
You spent 330 gold pieces at shops.

Inventory:

Hand Weapons
 a - a -1 falchion of flaming
 b - the +8 falchion "Paeriuri" (weapon) {freeze, rPois rN++ Str-2 Dex+2}
   (You found it in a bailey)

   It freezes those it strikes, dealing additional cold damage.
   It can also slow down cold-blooded creatures.
   Str:       It affects your strength (-2).
   Dex:       It affects your dexterity (+2).
   rPois:     It protects you from poison.
   rN:        It greatly protects you from negative energy.
 J - a +3 dagger of venom
Missiles
 d - 2 throwing nets
 x - a curare-tipped dart
 C - 37 poisoned darts
 K - 41 boomerangs
Armour
 j - a +0 buckler (worn)
 l - a +0 kite shield
 m - a +1 troll leather armour (worn) {Pargi}
 u - a +0 helmet (worn)
 A - +0 acid dragon scales
 E - a +1 cloak of willpower (worn)
 O - the +2 pair of boots of Doelah (worn) {rElec rC+ Str-4 Int+2}
   (You acquired it in a bailey)

   Str:       It affects your strength (-4).
   Int:       It affects your intelligence (+2).
   rC:        It protects you from cold.
   rElec:     It insulates you from electricity.
Magical Staves
 t - a staff of conjuration
Jewellery
 c - a +4 ring of protection (left hand)
 r - a +6 ring of strength (right hand)
 s - the ring of Spontaneous Combustion {Fly rElec rF+ Stlth-}
   (You found it on level 10 of the Dungeon)

   [ring of protection from fire]

   rF:        It protects you from fire.
   rElec:     It insulates you from electricity.
   Fly:       It grants you flight.
   Stlth:     It makes you less stealthy.
 D - a +4 ring of evasion
 H - a +6 ring of intelligence
Wands
 y - a wand of iceblast (8)
 F - a wand of mindburst (11)
 I - a wand of polymorph (4)
Scrolls
 e - 9 scrolls of teleportation
 f - a scroll of silence
 B - 2 scrolls of enchant armour
 L - a scroll of enchant weapon
 N - 2 scrolls of brand weapon
Potions
 g - 5 potions of resistance
 h - a potion of invisibility
 i - 5 potions of might
 k - 2 potions of brilliance
 n - 4 potions of haste {unknown}
 o - 6 potions of cancellation
 q - a potion of magic
 v - a potion of flight
 w - 2 potions of ambrosia {unknown}
 M - a potion of mutation {unknown}
Miscellaneous
 G - a lightning rod (3/4)


   Skills:
 - Level 6.7 Fighting
 - Level 10.7 Long Blades
 - Level 6.0 Throwing
 + Level 5.5 Armour
 - Level 4.0 Shields
 + Level 6.7 Spellcasting
 - Level 7.0 Conjurations
 + Level 6.7 Fire Magic


You had 2 spell levels left.
You knew the following spells:

 Your Spells              Type           Power      Damage    Failure   Level
a - Scorch                Fire           78%        2d8       1%          2
b - Apportation           Tloc           14%        N/A       10%         1
c - Fireball              Conj/Fire      19%        3d9       16%         5
d - Starburst             Conj/Fire      19%        6d7       65%         6
e - Ignition              Fire           19%        3d7       100%        8

Your spell library contained the following spells:

 Spells                   Type           Power      Damage    Failure   Level
 Magic Dart               Conj           100%       1d8       1%          1
 Summon Small Mammal      Summ           28%        N/A       10%         1
 Call Imp                 Summ           7%         N/A       14%         2
 Ensorcelled Hibernation  Hex/Ice        14%        N/A       14%         2
 Passwall                 Tmut/Erth      5%         N/A       14%         2
 Dazzling Flash           Conj/Hex       46%        N/A       7%          3
 Mephitic Cloud           Conj/Pois/Air  18%        N/A       11%         3
 Iskenderun's Mystic Bla  Conj/Tloc      23%        2d6       22%         4
 Call Canine Familiar     Summ           7%         N/A       28%         3
 Spider Form              Tmut/Pois      7%         N/A       28%         3
 Summon Guardian Golem    Hex/Summ       7%         N/A       28%         3
 Swiftness                Air            7%         N/A       28%         3
 Freezing Cloud           Conj/Ice/Air   9%         6-21      71%         5
 Alistair's Intoxication  Tmut/Pois      4%         N/A       95%         5
 Invisibility             Hex            3%         N/A       100%        6
 Simulacrum               Ice/Necr       3%         N/A       100%        6
 Polar Vortex             Ice            3%         N/A       100%        9


Dungeon Overview and Level Annotations

Branches:
Dungeon (11/15)            Temple (0/1) D:5            Lair (1/6) D:10
  Sewer (visited)          Bailey (visited)
    Orc: D:9-12

Altars:
Gozag
Hepliaklqana
Nemelex Xobeh
Ru
Wu Jian

Shops:
D:6 *

Portals:
Abyss: D:6

Annotations:
D:6 2 transporters, HuGe's ghost, novice HOBe


Innate Abilities, Weirdness & Mutations

You are partially covered in sharp spines.
You are completely covered in razor-sharp scales. (AC +3, Slay +3)
Spells you cast may paralyse nearby enemies.
You have a small tail.


Message History

The cane toad is no longer moving slowly.
The cane toad is no longer more vulnerable to fire.
The wolf closely misses you. The wolf is struck by your spines.
The wolf bites you!
* * * LOW HITPOINT WARNING * * *
The cane toad barely misses you.
You take 10 damage, and have 26/89 hp.
You now have 4/22 mp.
Casting: Scorch (safe; 1% risk of failure)
Confirm with . or Enter, or press ? or * to list all spells.
Flames lash the wolf.
The wolf is almost dead.
The wolf's fire resistance burns away.
Malevolent energies surge around you.
You feel very sick. The wolf bites you.
* * * LOW HITPOINT WARNING * * *
The cane toad is struck by your spines. The cane toad stings you!
* * * LOW HITPOINT WARNING * * *
The wolf closely misses you.
You take 17 damage, and have 9/89 hp.
You now have 3/22 mp.
You feel much better.
You feel very sick. The wolf bites you.
* * * LOW HITPOINT WARNING * * *
The cane toad is struck by your spines. The cane toad stings you!
* * * LOW HITPOINT WARNING * * *
You take 4 damage, and have 5/89 hp.
Okay, then.
Unknown command.
Okay, then.
Unknown command.
Aiming: Thunderbolt
Press: ? - help, Shift-Dir - straight line, f - cane toad
Aim: a cane toad (almost dead)
The thunderbolt hits the cane toad!
You kill the cane toad!
* * * LOW HITPOINT WARNING * * *
You feel very sick.
You hear a croak.
You hear a howl!
The black bear is no longer paralysed.
The wolf bites you.
You die...

##.......[.
##..###.#.#.
##..###......
##..#.##......
##..#####.....#
##..##
#...#####
##..## ##..
##..## #. #@.##
#. #h†.# #hF###
.... ..#..
..#.... # #....
##...


You could see a cane toad (paralysed, combustible), a black bear and a wolf
(combustible).

Vanquished Creatures
  An orc warlord (Bailey)
  Erolcha (D:10)
  A boulder beetle (D:8)
  2 two-headed ogres
  4 cane toads (Lair:1)
  Maggie (D:6)
  3 komodo dragons (Lair:1)
  A wyvern (D:9)
  10 yaks
  A shadow (D:10)
  A spriggan (shapeshifter) (D:8)
  Eustachio (D:6)
  2 vampire mosquitoes (D:10)
  3 water moccasins
  5 orc warriors
  Pargi (Sewer)
  An ogre (D:7)
  A sky beast (D:6)
  An ice beast (D:7)
  A necrophage (D:6)
  6 wolves (Lair:1)
  5 centaurs
  A phantom (D:6)
  3 kobold brigands
  4 bullfrogs
  3 gnoll sergeants
  A scorpion (D:4)
  3 killer bees (D:10)
  8 wights
  7 howler monkeys
  5 centaur zombies
  A crimson imp (D:9)
  A bullfrog zombie (D:5)
  A hound (D:4)
  A jelly (D:4)
  A gnoll shaman (D:8)
  An orc priest (D:9)
  Crazy Yiuf (D:6)
  A centaur skeleton (D:6)
  A scorpion zombie (D:5)
  Terence (D:2)
  3 iguanas
  8 orc wizards
  A mummy (D:8)
  A howler monkey zombie (D:10)
  27 gnolls
  5 adders
  3 white imps
  An ufetubus (D:6)
  3 worms
  3 dart slugs
  30 orcs
  5 ball pythons
  A bat (D:2)
  4 endoplasms
  10 giant cockroaches
  15 goblins
  8 hobgoblins
  10 jackals
  4 quokkas
  6 frilled lizards
  2 hobgoblin zombies (D:8)
  35 kobolds
  2 orc zombies (D:8)
  4 rats
289 creatures vanquished.

Vanquished Creatures (others)
  5 foxfires (Lair:1)
5 creatures vanquished.

Grand Total: 294 creatures vanquished

Notes
Turn   | Place    | Note
-------+----------+-------------------------------------------
     0 | D:1      | gimp the Demonspawn Cinder Acolyte began the quest for the
                  | Orb.
     0 | D:1      | Reached XP level 1. HP: 18/18 MP: 2/2
    47 | D:1      | Reached skill level 3 in Long Blades
   169 | D:1      | Found a faded altar of an unknown god.
   331 | D:1      | Gained mutation: Spells you cast may paralyse adjacent
                  | enemies. [demonic ancestry]
   331 | D:1      | Reached XP level 2. HP: 22/24 MP: 3/3
   391 | D:1      | Learned a level 2 spell: Scorch
   940 | D:2      | You fall into a shaft and drop 2 floors!
   970 | D:4      | Gained mutation: You are partially covered in razor-sharp
                  | scales. (AC +1, Slay +1) [demonic ancestry]
   970 | D:4      | Reached XP level 3. HP: 16/29 MP: 1/5
   978 | D:4      | Identified the +3 mace of Loakesti {venom, rElec rC- Int+3}
  1275 | D:4      | Found a glowing drain.
  1288 | Sewer    | Entered a sewer
  1489 | Sewer    | Noticed Pargi
  1493 | Sewer    | Killed Pargi
  1494 | Sewer    | Reached skill level 4 in Long Blades
  1494 | Sewer    | Gained mutation: You are mostly covered in razor-sharp
                  | scales. (AC +2, Slay +2) [demonic ancestry]
  1494 | Sewer    | Reached XP level 4. HP: 31/35 MP: 1/7
  1494 | Sewer    | Gained mutation: You are partially covered in sharp spines.
                  | [demonic ancestry]
  1494 | Sewer    | Reached XP level 5. HP: 37/41 MP: 1/8
  2028 | D:2      | Noticed Terence
  2041 | D:2      | Killed Terence
  2042 | D:2      | Reached XP level 6. HP: 47/47 MP: 7/10
  2093 | D:2      | Found an opulent altar of Gozag.
  2882 | D:4      | Learned a level 1 spell: Apportation
  3507 | D:5      | Entered Level 5 of the Dungeon
  3615 | D:5      | Reached skill level 5 in Long Blades
  3615 | D:5      | Reached XP level 7. HP: 52/52 MP: 11/12
  3903 | D:5      | Noticed a two-headed ogre
  4011 | D:5      | Reached skill level 5 in Fire Magic
  4135 | D:5      | Found an ornate altar of the Wu Jian Council.
  4170 | D:5      | Found a staircase to the Ecumenical Temple.
  4744 | D:5      | Killed a two-headed ogre
  4745 | D:5      | Reached skill level 6 in Long Blades
  4745 | D:5      | Reached skill level 5 in Spellcasting
  4745 | D:5      | Gained mutation: You have a small tail. [demonic ancestry]
  4745 | D:5      | Reached XP level 8. HP: 58/58 MP: 15/16
  4863 | D:6      | Found a transporter.
  4873 | D:6      | Noticed a toenail golem
  4886 | D:6      | Found a one-way gate to the infinite horrors of the Abyss.
  4886 | D:6      | Noticed a small abomination
  4886 | D:6      | Noticed HuGe's ghost (novice HOBe)
  4901 | D:6      | Found a transporter.
  5066 | D:6      | Found Diuh's Elemental Accessories.
  5194 | D:6      | Reached skill level 7 in Long Blades
  5268 | D:6      | Noticed Maggie
  5277 | D:6      | Noticed Eustachio
  5283 | D:6      | Killed Maggie
  5284 | D:6      | Gained mutation: Spells you cast may paralyse nearby
                  | enemies. [demonic ancestry]
  5284 | D:6      | Reached XP level 9. HP: 63/63 MP: 14/18
  5289 | D:6      | Killed Eustachio
  5290 | D:6      | Reached skill level 8 in Long Blades
  5771 | D:6      | Found a runed translucent door.
  5772 | D:6      | Noticed Crazy Yiuf
  5777 | D:6      | Killed Crazy Yiuf
  5794 | D:6      | Identified the +8 mace of Keynimu {drain, rF+}
  5936 | D:7      | Reached skill level 9 in Long Blades
  6273 | D:6      | Bought a lightning rod (4/4) for 330 gold pieces
  6509 | D:8      | Reached skill level 1 in Conjurations
  6547 | D:8      | Reached skill level 1 in Throwing
  6596 | D:8      | Noticed a polar bear
  6796 | D:8      | Reached skill level 10 in Long Blades
  6923 | D:8      | Noticed a boulder beetle
  6942 | D:8      | Killed a boulder beetle
  6943 | D:8      | Gained mutation: You are completely covered in razor-sharp
                  | scales. (AC +3, Slay +3) [demonic ancestry]
  6943 | D:8      | Reached XP level 10. HP: 27/70 MP: 4/19
  8160 | D:9      | Found a hazy altar of Hepliaklqana.
  8238 | D:9      | Noticed a two-headed ogre
  8250 | D:9      | Killed a two-headed ogre
  8251 | D:9      | Reached skill level 5 in Conjurations
  8303 | D:9      | Found a flagged portal.
  8312 | Bailey   | Entered a bailey
  8328 | Bailey   | Noticed an orc warlord
  8488 | Bailey   | Found a runed translucent gate.
  8490 | Bailey   | Found a runed translucent gate.
  8492 | Bailey   | Found a runed translucent gate.
  8690 | Bailey   | Killed an orc warlord
  8691 | Bailey   | Reached skill level 5 in Throwing
  8716 | Bailey   | Identified the +2 broad axe "Otrum" {elec, rF+ Str+4}
  8726 | Bailey   | Identified the +8 falchion "Paeriuri" {freeze, rPois rN++
                  | Str-2 Dex+2}
  8730 | Bailey   | Acquired the +2 pair of boots of Doelah {rElec rC+ Str-4
                  | Int+2}
  9240 | D:9      | Found Zoll's Jewellery Boutique.
  9375 | D:9      | Reached XP level 11. HP: 83/83 MP: 20/20
  9377 | D:10     | Entered Level 10 of the Dungeon
  9541 | D:10     | Noticed Erolcha
  9545 | D:10     | Killed Erolcha
  9546 | D:10     | Reached XP level 12. HP: 89/89 MP: 16/21
  9610 | D:10     | Found a staircase to the Lair.
  9618 | D:10     | Identified the ring of Spontaneous Combustion {Fly rElec
                  | rF+ Stlth-}
  9851 | D:10     | Learned a level 5 spell: Fireball
  9858 | D:10     | Learned a level 6 spell: Starburst
  9867 | D:10     | Learned a level 8 spell: Ignition
 10466 | D:10     | Found a sacrificial altar of Ru.
 10466 | D:10     | Found a sparkling altar of Nemelex Xobeh.
 10881 | Lair:1   | Entered Level 1 of the Lair of Beasts
 10901 | Lair:1   | Reached skill level 5 in Armour
 11118 | Lair:1   | HP: 3/89 [poisoned by a cane toad]
 11118 | Lair:1   | Slain by a wolf

Illustrated notes

Levels and vault maps discovered:
D:1:      mrwooster_arrival_statue_3, layout_loops_ring,
          ebering_ecumenical_altar_webs, dk_noncrumbling_2
D:2:      layout_basic, basic_altar, minmay_mini_jars, uniq_terence
D:3:      layout_basic
D:4:      layout_basic, gup_sewer_entry_pipe, minmay_goblin_outpost
D:5:      layout_loops_corners, nzn_wu_jian_contemplation,
          minmay_temple_entry_ruins, hangedman_decor_peaks_small
D:6:      layout_loops_ring, gammafunk_ghost_abyssal_escape, serial_glass,
          glass_columns_a, glass_columns_a, glass_columns_a,
          hangedman_abyss_or_decor_passed, nicolae_elemental_shop, uniq_maggie,
          uniq_crazy_yiuf_cottage, uniq_eustachio
D:7:      layout_rooms
D:8:      minmay_spotlight, layout_basic, minmay_mini_ossuary
D:9:      layout_gridville, mainiacjoe_overflow_catwalk, serial_shops,
          nicolae_shop_waterfront, lightli_bailey_entry_fortress,
          minmay_fire_ice_demons
D:10:     layout_layer_cave, gammafunk_temple_overflow_wave, lair_entry_dummy,
          uniq_erolcha
D:11:     cheibrodos_wizards_tower, layout_loops_cross, orc_0_dummy,
          ashenzari_conservatory_becter, uniq_nergalle
Lair:1:   layout_cave_pods, beast_lair_carwin_7

Skill      XL: |  1  2  3  4  5  6  7  8  9 10 11 12 |
---------------+-------------------------------------+-----
Long Blades    | 3 4 5 6 7 10 | 10.7
Fire Magic     | 3 4 6 |  6.7
Spellcasting   | 2 3 5 6 |  6.7
Conjurations   | 3 6 7 |  7.0
Throwing       | 3 5 6 |  6.0
Fighting       | 6 |  6.7
Armour         | 3 4 5 |  5.5
Shields        | 3 4 |  4.0

Action                   |  1- 3 |  4- 6 |  7- 9 | 10-12 || total
-------------------------+-------+-------+-------+-------++-------
Melee: Falchion          |   112 |   102 |   104 |   159 ||   477
       Tailslap          |       |       |     8 |    20 ||    28
       Dagger            |       |       |       |    66 ||    66
Throw: Boomerang         |       |       |       |    12 ||    12
       Dart              |       |       |       |     4 ||     4
 Cast: Scorch            |    11 |    20 |   114 |    75 ||   220
       Apportation       |       |     2 |       |       ||     2
Invok: Foxfire Swarm     |       |       |       |     1 ||     1
Evoke: Lightning rod     |       |       |       |     1 ||     1
  Use: Scroll            |     4 |     3 |     6 |     5 ||    18
       Potion            |       |       |       |     7 ||     7
 Stab: Paralysed         |       |     6 |    37 |    31 ||    74
Armor: Ring mail         |    13 |       |       |       ||    13
       Robe              |    48 |     1 |       |       ||    49
       Troll leather arm |       |    62 |    60 |   106 ||   228
Dodge: Dodged            |    76 |    66 |    90 |   112 ||   344
Block: Buckler           |       |       |       |    15 ||    15

Table legend: (Time is in decaauts)
 A = Elapsed time spent in this place.
 B = Non-inter-level travel time spent in this place.
 C = Inter-level travel time spent in this place.
 D = Time resting spent in this place.
 E = Time spent auto-exploring this place.
 F = Levels seen in this place.
 G = Mean time per level.
                   A        B        C        D        E       F      G
               +--------+--------+--------+--------+--------+-----+--------+
         Total |  11139 |  10458 |    681 |    134 |   8018 |  14 |  795.6 |
       Dungeon |  10090 |   9410 |    680 |    126 |   7392 |  11 |  917.3 |
          Lair |    228 |    228 |      0 |      0 |    170 |   1 |  228.0 |
         Sewer |    392 |    392 |      0 |      0 |    294 |   1 |  392.0 |
        Bailey |    428 |    428 |      0 |      8 |    162 |   1 |  428.0 |
               +--------+--------+--------+--------+--------+-----+--------+

Top non-repeatable levels by time:
     D:8: 1625 daAuts
    D:10: 1304 daAuts
     D:4: 1245 daAuts
     D:5: 1226 daAuts
     D:6: 1043 daAuts
     D:9: 992 daAuts
     D:1: 853 daAuts
     D:2: 697 daAuts
     D:7: 542 daAuts
     D:3: 505 daAuts
  Bailey: 428 daAuts
   Sewer: 392 daAuts
  Lair:1: 228 daAuts
    D:11: 54 daAuts
